 Dungeon Crawl Stone Soup version 0.31-a0-167-g1c394c0614 (webtiles) character file.

Game seed: 13020800316631880951

57 qw the Shooter (level 4, 0/27 HPs)
             Began as a Gargoyle Hunter on June 14, 2023.
             Slain by a wight
             ... wielding a +4 falchion of freezing
              (1 damage)
             ... on level 4 of the Dungeon.
             The game lasted 00:00:31 (1317 turns).

qw the Shooter (Gargoyle Hunter)                    Turns: 1317, Time: 00:00:32

Health: 0/27       AC: 11    Str: 14    XL:     4   Next: 0%
Magic:  4/4        EV: 10    Int: 10    God:
Gold:   165        SH:  0    Dex: 15    Spells: 3/3 levels left

rFire   . . .        Y - +0 shortbow (drain)
rCold   . . .        (shield currently unavailable)
rNeg    + . .        i - +0 ring mail
rPois   inf          g - +2 helmet
rElec   +            (no cloak)
rCorr   .            (no gloves)
SInv    .            (no boots)
Will    .....        (no amulet)
Stlth   +            (no ring)
HPRegen 0.24/turn    (no ring)
MPRegen 0.09/turn

%: no passive effects
@: no status effects
A: sickness immunity, AC +3, negative energy resistance 1, electricity
resistance, torment resistance 1, petrification resistance
a: no special abilities


You were on level 4 of the Dungeon.
You visited 1 branch of the dungeon, and saw 4 of its levels.

You collected 165 gold pieces.


Innate Abilities, Weirdness & Mutations

You are immune to sickness and miasma.
Your stone body is resilient. (AC +3)
You are immune to poison.
You resist negative energy. (rN+)
You are resistant to electric shocks. (rElec)
You are resistant to unholy torment.
You are immune to petrification.


   Skills:
 + Level 2.9 Fighting
 - Level 5.0 Ranged Weapons
 - Level 1.0 Armour
 - Level 1.5 Dodging
 - Level 1.1 Stealth


You had 3 spell levels left.
You didn't know any spells.
Your spell library was empty.

Inventory:

Hand Weapons
 Y - a +0 shortbow of draining (weapon)
Armour
 g - a +2 helmet (worn)
 i - a +0 ring mail (worn)
Wands
 b - a wand of digging (8)
Scrolls
 c - a scroll of identify
Potions
 a - a potion of curing {unknown}
 e - a potion of heal wounds
 f - a potion of ambrosia {unknown}
 h - a potion of brilliance {unknown}
 j - a potion of haste {unknown}
 k - a potion of attraction {unknown}
 l - a potion of mutation {unknown}

Dungeon Overview and Level Annotations

Branches:
Dungeon (4/15)
 Temple: D:4-7

Altars:
Gozag

Shops:
D:2 [


Message History

The wight is moderately damaged.
The wight hits you but does no damage.
You shoot an arrow. The arrow barely misses the wight.
The wight hits you but does no damage. The wight closely misses you.
You shoot an arrow. The arrow hits the wight.
The wight is heavily damaged.
The wight hits you but does no damage.
You shoot an arrow. The arrow closely misses the wight.
The wight barely misses you.
You shoot an arrow. The arrow barely misses the wight.
The wight hits you with a +4 falchion of freezing!
The wight freezes you.
You shoot an arrow. The arrow hits the wight.
The wight is severely damaged.
The wight barely misses you.
The wight hits you with a +4 falchion of freezing!
The wight freezes you.
1312 ||| DRINKING 2 potions of heal wounds.
You feel much better.
The wight hits you with a +4 falchion of freezing.
The wight freezes you.
You shoot an arrow. The arrow barely misses the wight.
The wight barely misses you.
You shoot an arrow.
The arrow hits the wight but does no damage.
The wight is severely damaged.
The wight hits you with a +4 falchion of freezing.
The wight freezes you.
You shoot an arrow. The arrow closely misses the wight.
The wight hits you with a +4 falchion of freezing.
The wight freezes you.
You shoot an arrow.
The arrow hits the wight but does no damage.
The wight is severely damaged.
The wight closely misses you.
You shoot an arrow. The arrow barely misses the wight.
The wight hits you but does no damage.
The wight hits you with a +4 falchion of freezing!
The wight freezes you.
You die...

#.# #.# #.#
#.# #.# #.#
#.# #.# #.#
#.# #.#
#.#####.###
#..@....#/#
####z####+#
.# .# .# .#
.# .#


You could see a wight.

Vanquished Creatures
  An adder (D:3)
  A worm (D:2)
  2 dart slugs (D:1)
  5 ball pythons
  2 endoplasms (D:1)
  4 giant cockroaches
  4 hobgoblins
  2 jackals (D:1)
  2 bats
  5 frilled lizards
  3 goblins
  6 kobolds
  2 rats
39 creatures vanquished.

Notes
Turn   | Place    | Note
-------+----------+-------------------------------------------
     0 | D:1      | qw the Gargoyle Hunter began the quest for the Orb.
     0 | D:1      | Reached XP level 1. HP: 12/12 MP: 1/1
     0 | D:1      | 0 ||| qw: Version: 0.2-a-29-g1fa15c8
     0 | D:1      | 0 ||| qw: Game counter: 4866
     0 | D:1      | 0 ||| qw: Always use a shield: true
     0 | D:1      | 0 ||| qw: God list: Okawaru
     0 | D:1      | 0 ||| qw: Allow faded altars: false
     0 | D:1      | 0 ||| qw: Do Orc after D:15 true
     0 | D:1      | 0 ||| qw: Do second Lair branch before Depths: true
     0 | D:1      | 0 ||| qw: Lair rune preference: random
     0 | D:1      | 0 ||| qw: Plans: Normal, Zot:1-4, Slime:5, God:TSO, Crypt,
                  | Tomb, Abyss, Pan, Hells, Win
     0 | D:1      | 0 ||| PLANNING D:1-11
    54 | D:1      | Reached XP level 2. HP: 17/17 MP: 2/2
   353 | D:1      | 353 ||| UPGRADING to +2 helmet.
   358 | D:1      | 358 ||| UPGRADING to +0 ring mail.
   368 | D:1      | 368 ||| DROPPING +0 leather armour.
   369 | D:1      | 369 ||| READING scroll labelled IFUYT AMAFIFAGA.
   370 | D:1      | 370 ||| READING scroll labelled HODIM UDGHITOCENOG.
   371 | D:1      | 371 ||| DROPPING scroll of butterflies.
   413 | D:2      | Found Wasma's Antique Armour Shop.
   424 | D:2      | 424 ||| SHOPLISTING pair of boots (94 gold, have 78).
   424 | D:2      | 424 ||| SHOPLISTING pair of gloves (94 gold, have 78).
   493 | D:2      | Reached XP level 3. HP: 21/21 MP: 3/3
   498 | D:2      | Reached skill level 1 in Armour
   783 | D:2      | 783 ||| READING scroll labelled CADIPP YCOESIFF.
   784 | D:2      | 784 ||| READING 2 scrolls labelled PACAFU JILIR.
   806 | D:3      | Reached skill level 5 in Ranged Weapons
   866 | D:3      | Found an opulent altar of Gozag.
  1248 | D:3      | 1248 ||| DRINKING 2 fuming black potions.
  1249 | D:3      | 1249 ||| DROPPING potion of invisibility.
  1278 | D:4      | Reached XP level 4. HP: 27/27 MP: 4/4
  1311 | D:4      | HP: 4/27 [wight/+4 falchion of freezing (7)]
  1312 | D:4      | 1312 ||| DRINKING 2 potions of heal wounds.
  1317 | D:4      | HP: 1/27 [wight/+4 falchion of freezing (11)]
  1317 | D:4      | Slain by a wight

Levels and vault maps discovered:
D:1:      dpeg_arrival_orchard, layout_rooms
D:2:      layout_rooms, serial_shops, shop, minmay_split_cup_large
D:3:      layout_rooms, lemuel_crystal_altar, serial_bayou_pond_b,
          kennysheep_cluttered_room
D:4:      layout_basic, minmay_temple_entry_slanted, serial_shops, shop,
          minmay_crystal_water, kennysheep_nondescript, grunt_tough_drop

Skill      XL: |  1  2  3 |
---------------+----------+-----
Armour         | 1 |  1.0
Ranged Weapons | 5 |  5.0
Fighting       | |  2.9
Dodging        | |  1.5
Stealth        | |  1.1

Action                     |  1- 3 |  4- 6 || total
---------------------------+-------+-------++-------
   Fire: Shortbow          |    84 |    12 ||    96
    Use: Scroll            |     4 |       ||     4
         Potion            |     1 |     1 ||     2
 Armour: Leather armour    |    12 |       ||    12
         Ring mail         |     4 |     4 ||     8
  Dodge: Dodged            |    19 |     5 ||    24

Table legend:
 A = Non-vault XP
 B = Vault XP
 C = Vault XP percentage of total XP
 D = Non-vault monster count
 E = Vault monster count
 F = Vault count percentage of total count
                 A         B        C        D         E       F
            +---------+---------+-------+---------+---------+-------
      Total |      72 |      10 |  12.2 |      34 |       5 |  12.8
            +---------+---------+-------+---------+---------+-------
        D:1 |      26 |       0 |   0.0 |      13 |       0 |   0.0
        D:2 |      18 |       8 |  30.8 |      11 |       4 |  26.7
        D:3 |      27 |       2 |   6.9 |       9 |       1 |  10.0
        D:4 |       1 |       0 |   0.0 |       1 |       0 |   0.0
            +---------+---------+-------+---------+---------+-------
